 Dungeon Sprint DCSS version 0.28-a0-119-ga52ba8600a (webtiles) character file.

Game seed: 14235269957060667796

25 lagrange the Stinger (level 3, -16/28 HPs)
             Began as a Naga Venom Mage on Aug 13, 2021.
             Demolished by an ogre (24 damage)
             ... in the Dungeon (Sprint I: "Red Sonja").
             The game lasted 00:01:34 (205 turns).

lagrange the Stinger (Naga Venom Mage)               Turns: 205, Time: 00:01:35

Health: -16/28     AC:  2    Str: 10    XL:     3   Next: 4%
Magic:  5/7        EV: 10    Int: 16    God:
Gold:   0          SH:  0    Dex: 11    Spells: 4/8 levels left

rFire   . . .      SeeInvis +   b - +0 club
rCold   . . .      Faith    .   (no shield)
rNeg    . . .      Spirit   .   a - +0 robe
rPois   +          Reflect  .   (no helmet)
rElec   .          Harm     .   (no cloak)
rCorr   .          Rampage  .   (no gloves)
Will    .....      NoTele   +   (no barding)
Stlth   ++........              (no amulet)
HPRegen 0.09/turn               (no ring)
MPRegen 0.10/turn               (no ring)

@: very slow
A: AC +1, large, see invisible, deformed body, poison resistance, slowness 2,
spit poison 1, naga tail 1
a: Spit Poison


You were in the Dungeon.
You visited 1 branch

Inventory:

Hand Weapons
 b - a +0 club (weapon)
Armour
 a - a +0 robe (worn)
Scrolls
 g - a scroll of blinking
Potions
 c - a potion of heal wounds
 d - a potion of haste
 e - 2 potions of magic


   Skills:
 - Level 2.1 Dodging
 + Level 3.9 Stealth
 - Level 0.7 Unarmed Combat
 + Level 3.1 Spellcasting
 + Level 0.0 Conjurations
 - Level 1.2 Transmutations
 + Level 6.7 Poison Magic


You had 4 spell levels left.
You knew the following spells:

 Your Spells              Type           Power      Damage    Failure   Level
a - Sting                 Tmut/Pois      60%        1d6       3%          1
b - Mephitic Cloud        Conj/Pois/Air  9%         N/A       22%         3

Your spell library contained the following spells:

 Spells                   Type           Power      Damage    Failure   Level
 Poisonous Vapours        Pois/Air       26%        N/A       7%          2
 Olgreb's Toxic Radiance  Pois           24%        N/A       12%         4


Dungeon Overview and Level Annotations

Branches:
Dungeon (1/1)

Altars:


Innate Abilities, Weirdness & Mutations

Your serpentine skin is tough. (AC +1)
You have supernaturally acute eyesight. (SInv)
Armour fits poorly on your strangely shaped body.
Your system is resistant to poisons. (rPois)
You cover ground very slowly.
You can spit poison.
You have a snake-like lower body.


Message History

Aim: an ogre, wielding a +0 giant spiked club (88% to hit)
The sting hits the ogre.
The ogre is poisoned.
The ogre is lightly wounded.
Casting: Sting (safe; 3% risk of failure)
Confirm with . or Enter, or press ? or * to list all spells.
Aiming: Sting (safe; 3% risk of failure)
Press: ? - help, Shift-Dir - straight line, f/p - ogre
Aim: an ogre, wielding a +0 giant spiked club (lightly wounded, poisoned, 88% to hit)
The sting hits the ogre.
The ogre looks even sicker.
The ogre is lightly wounded.
The ogre completely misses you.
Press: ? - help, Shift-Dir - straight line, f/p - ogre
Aim: an ogre, wielding a +0 giant spiked club (lightly wounded, very poisoned)
The splash of poison misses the ogre.
You hit the ogre.
The ogre is moderately wounded.
The ogre barely misses you.
You hit the ogre.
The ogre is moderately wounded.
The ogre closely misses you.
You barely miss the ogre.
The ogre is moderately wounded.
The ogre hits you with a +0 giant spiked club!
Ouch! That really hurt!
You have got your breath back.
The ogre hits you with a +0 giant spiked club.
* * * LOW HITPOINT WARNING * * *
There is an open door, spattered with blood here.
Things that are here:
a +0 leather armour; the goblin corpse of Ijyb
Casting: Sting (safe; 3% risk of failure)
Confirm with . or Enter, or press ? or * to list all spells.
Aiming: Sting (safe; 3% risk of failure)
Press: ? - help, Shift-Dir - straight line, f/p - ogre
Aim: an ogre, wielding a +0 giant spiked club (moderately wounded, poisoned, 88% to hit)
The sting hits the ogre.
The ogre looks even sicker.
The ogre is heavily wounded.
The ogre hits you with a +0 giant spiked club!!
Ouch! That really hurt!
You die...

##########
#<.#..'..#
#..@O.#..+
#..#### +#
#..# #..#
#..# #⌠⌠#
####


You could see an ogre (very poisoned).

Vanquished Creatures
  Ijyb (D)
1 creature vanquished.

Notes
Turn   | Place    | Note
-------+----------+-------------------------------------------
     0 | D        | lagrange the Naga Venom Mage began the quest for the Orb.
     0 | D        | Reached XP level 1. HP: 15/15 MP: 3/3
     2 | D        | Noticed Ijyb
    17 | D        | Killed Ijyb
    18 | D        | Reached skill level 6 in Poison Magic
    18 | D        | Reached XP level 2. HP: 13/22 MP: 1/6
    18 | D        | Reached XP level 3. HP: 17/28 MP: 1/7
   196 | D        | Learned a level 3 spell: Mephitic Cloud
   196 | D        | Noticed an ogre
   205 | D        | Demolished by an ogre

Illustrated notes

Levels and vault maps discovered:
D:        dungeon_sprint_1 [red_sonja_temple_1, red_sonja_temple_small_1]

Skill      XL: |  1 |
---------------+----+-----
Dodging        | 2 |  2.1
Spellcasting   | 3 |  3.1
Poison Magic   | 6 |  6.7
Stealth        | |  3.9
Unarmed Combat | |  0.7
Transmutations | |  1.2

Action                   || total
-------------------------++-------
Melee: Unarmed           ||    10
       Club              ||     3
 Cast: Sting             ||     6
 Abil: Spit Poison       ||     1
  Use: Potion            ||     2
Dodge: Dodged            ||     8

Table legend: (Time is in decaauts)
 A = Elapsed time spent in this place.
 B = Non-inter-level travel time spent in this place.
 C = Inter-level travel time spent in this place.
 D = Time resting spent in this place.
 E = Time spent auto-exploring this place.
 F = Levels seen in this place.
 G = Mean time per level.
                   A        B        C        D        E       F      G
               +--------+--------+--------+--------+--------+-----+--------+
         Total |    217 |    217 |      0 |    178 |      0 |   1 |  217.0 |
       Dungeon |    217 |    217 |      0 |    178 |      0 |   1 |  217.0 |
               +--------+--------+--------+--------+--------+-----+--------+

Top non-repeatable levels by time:
       D: 217 daAuts
